 Dungeon Crawl Stone Soup version 0.28.0-45-g0d030f2227 (webtiles) character file.

Game seed: 9303819110894113288

198 Bruhh the Magician (level 6, 0/40 HPs)
             Began as a Djinni Fire Elementalist on Apr 22, 2022.
             Slain by a ball python (3 damage)
             ... on level 4 of the Dungeon.
             The game lasted 00:08:19 (3570 turns).

Bruhh the Magician (Djinni Fire Elementalist)       Turns: 3570, Time: 00:08:19

Health: 0/40       AC:  2    Str:  7    XL:     6   Next: 5%
Gold:   74         EV: 12    Int: 18    God:
                   SH:  0    Dex: 14

rFire   + + .      SeeInvis .   (no weapon)
rCold   x . .      Faith    .   (no shield)
rNeg    . . .      Spirit   .   a - +0 robe
rPois   ∞          Reflect  .   (no helmet)
rElec   .          Harm     .   (no cloak)
rCorr   .          Rampage  .   (no gloves)
Will    .....                   (boots unavailable)
Stlth   ++........              (no amulet)
HPRegen 0.13/turn               (no ring)
MPRegen 0.00/turn               (no ring)

@: flying
A: sickness immunity, fire resistance 2, cold vulnerability 1, float, innate
caster, HP casting, extra vitality 1
a: no special abilities


You were on level 4 of the Dungeon.
You visited 1 branch of the dungeon, and saw 4 of its levels.

You collected 74 gold pieces.

Inventory:

Missiles
 h - 2 atropa-tipped darts
Armour
 a - a +0 robe (worn)
Wands
 i - a wand of paralysis (7)
 j - a wand of iceblast (12)
Scrolls
 d - a scroll of fear {unknown}
 k - a scroll of noise {unknown}
 m - a scroll of teleportation {unknown}
Potions
 b - a potion of attraction {unknown}
 c - a potion of curing {unknown}
 e - a potion of heal wounds
 f - a potion of mutation {unknown}
 g - a potion of invisibility {unknown}
 l - a potion of degeneration {unknown}
 n - a potion of berserk rage {unknown}


   Skills:
 - Level 2.1 Dodging
 - Level 1.5 Stealth
 + Level 4.8 Spellcasting


You couldn't memorise any spells.
You knew the following spells:

 Your Spells              Type           Power      Damage    Failure   Level
a - Foxfire               Conj/Fire      84%        2x1d8     1%          1
b - Scorch                Fire           42%        2d7       2%          2
c - Conjure Flame         Conj/Fire      21%        6-21      5%          3
d - Inner Flame           Hex/Fire       21%        N/A       5%          3
e - Flame Wave            Conj/Fire      21%        2d7       19%         4
f - Sandblast             Erth           42%        2d11      1%          1
g - Ensorcelled Hibernat  Hex/Ice        42%        N/A       2%          2
Your spell library was empty.

Dungeon Overview and Level Annotations

Branches:
Dungeon (3/15)

Altars:
Fedhas

Annotations:
D:2 Sigmund
D:4 Dowan, Duvessa


Innate Abilities, Weirdness & Mutations

You are immune to sickness and miasma.
You are immune to poison.
Your flesh is very heat resistant. (rF++)
You are vulnerable to cold. (rC-)
You float through the air rather than walking.
You learn spells naturally, not from books.
Your magical power is your life essence.
You have superior vitality. (+4 MHP)


Message History

A goblin comes into view. It is wielding a +0 dagger.
The goblin shouts!
You see here 7 gold pieces.
The goblin closely misses you.
Found 10 gold pieces.
The goblin completely misses you.
A hound and an iguana come into view.
Found 12 gold pieces.
The hound bites you but does no damage. The hound misses you.
The hound closely misses you. The hound bites you but does no damage.
The hound bites you.
Dowan mumbles some strange words.
Dowan blinks!
The hound bites you.
* * * LOW HITPOINT WARNING * * *
Found 16 gold pieces.
A hobgoblin and an endoplasm come into view.
Found 12 gold pieces.
The hobgoblin shouts!
The hound misses you.
The endoplasm quivers.
The hound bites you but does no damage. The hound bites you.
* * * LOW HITPOINT WARNING * * *
The hound misses you.
You see here 16 gold pieces.
The hound misses you. The hound closely misses you. The hound misses you.
As you open the door, it creaks loudly!
A ball python comes into view.
The ball python hisses angrily.
The hound bites you.
* * * LOW HITPOINT WARNING * * *
The hound bites you.
* * * LOW HITPOINT WARNING * * *
You hit the ball python.
The ball python is severely wounded.
The ball python bites you.
You die...

.##
#....#.###.......#
#.## #†####.#
#####g### .#.###.#
#.# #.# ..#.##.# #J#
...#†#.# #.# ....#..#
#.# .....#.#######
#.#
...............####.#
...............S@hg.#
####...........######
#..........
#..........
#..........
#..........
#..........
##########


You could see a hound, a goblin and a ball python.

Vanquished Creatures
  Blork the orc (D:4)
  Ijyb (D:4)
  5 adders
  5 ball pythons
  4 endoplasms
  2 giant cockroaches
  5 goblins
  4 hobgoblins
  9 jackals
  5 kobolds
  3 quokkas
  4 bats (D:1)
  3 rats (D:1)
51 creatures vanquished.

Vanquished Creatures (others)
  23 foxfires (D:1)
  14 plants (D:4)
37 creatures vanquished.

Grand Total: 88 creatures vanquished

Notes
Turn   | Place    | Note
-------+----------+-------------------------------------------
     0 | D:1      | Bruhh the Djinni Fire Elementalist began the quest for the
                  | Orb.
     0 | D:1      | Reached XP level 1. HP: 15/15 MP: 0/0
   213 | D:1      | Found a faded altar of an unknown god.
   403 | D:1      | Reached XP level 2. HP: 8/21 MP: 0/0
   792 | D:1      | Reached skill level 3 in Spellcasting
  1090 | D:1      | Reached XP level 3. HP: 7/25 MP: 0/0
  1090 | D:1      | Learned a level 1 spell: Sandblast
  2080 | D:2      | Noticed Sigmund
  2095 | D:3      | Reached XP level 4. HP: 7/31 MP: 0/0
  2349 | D:3      | You are sucked into a shaft and drop 1 floor!
  2366 | D:4      | Noticed Ijyb
  2372 | D:4      | Killed Ijyb
  2387 | D:4      | Reached skill level 4 in Spellcasting
  2701 | D:4      | Found a blossoming altar of Fedhas.
  2830 | D:4      | Reached XP level 5. HP: 30/35 MP: 0/0
  2830 | D:4      | Learned a level 2 spell: Ensorcelled Hibernation
  2942 | D:4      | Noticed Blork the orc
  2969 | D:4      | Killed Blork the orc
  3251 | D:4      | Reached XP level 6. HP: 24/40 MP: 0/0
  3380 | D:4      | Noticed Dowan
  3381 | D:4      | Noticed Duvessa
  3570 | D:4      | Slain by a ball python

Illustrated notes

Levels and vault maps discovered:
D:1:      dpeg_arrival_castle, layout_loops_corners,
          ebering_ecumenical_altar_sacrificial, palyth_stone_intersect,
          minmay_misc_feat_hallway, minmay_stone_trees_small,
          serial_bayou_pond_a, minmay_misc_feat_diagonals,
          minmay_small_reverse_x
D:2:      layout_basic, uniq_terence, uniq_sigmund
D:3:      layout_loops_corners, grunt_gozag_statues,
          mainiacjoe_overflow_small_starburst, ebering_ghost_sewer_d
D:4:      wad_pebble_path, layout_basic, fedhas_altar_1, serial_bayou,
          serial_bayou_lagoon_a, serial_bayou_pond_d, serial_bayou_pond_e,
          serial_bayou_pond_b, minmay_bent, uniq_ijyb, uniq_duvessa,
          uniq_blork_the_orc

Skill      XL: |  1  2  3  4 |
---------------+-------------+-----
Spellcasting   | 3 4 |  4.8
Dodging        | |  2.1
Stealth        | |  1.5

Action                   |  1- 3 |  4- 6 || total
-------------------------+-------+-------++-------
Melee: Unarmed           |    21 |     2 ||    23
 Cast: Foxfire           |    13 |       ||    13
       Scorch            |    31 |    32 ||    63
       Conjure Flame     |       |     2 ||     2
 Stab: Sleeping          |     1 |       ||     1
Armor: Robe              |    12 |     5 ||    17
Dodge: Dodged            |    34 |    18 ||    52
